[ AOE2 MATCH · #495127945 ]
UnrankedHindustanis vs Georgians
[ REPLAY ANALYSIS · EXTRACTED FROM THE RECORDED GAME ]
Feudal
11:25
Castle
—
Imperial
—
| APM avg | 41.8 |
| APM peak | 76 |
| eAPM avg | 21.3 |
| Villagers / military | 35 / 7 |
Focus
⚔️ 27.7% · 🌾 72.3%
Skirmisher ×5 · Militia ×2
Feudal
9:58
Castle
—
Imperial
—
| APM avg | 46.2 |
| APM peak | 82 |
| eAPM avg | 21.3 |
| Villagers / military | 37 / 18 |
Focus
⚔️ 44.2% · 🌾 55.8%
Archer ×16 · Skirmisher ×2
Match map
Initial resources + every placement click. Lines = walls · curves = elevation contours. ◆ gold · ⬟ stone · ● berries · ✦ relic · ◌ wall gap
Your base· Open — unwalled flank
GAX | Tyrav's base· Open — 15t gap
Smoothed initial terrain · ◌ = detected wall gap · hover for details
Inputs per minute
— GAX | Gian - - GAX | Tyrav
Build order — GAX | Gian
82 actions detected in the replay
| 0:00 | Create | Villager (Male) |
| 0:01 | Create | Villager (Male) |
| 0:02 | Build | House |
| 0:02 | Build | House |
| 0:10 | Create | Villager (Male) |
| 0:10 | Create | Villager (Male) |
| 1:11 | Create | Villager (Male) |
| 1:28 | Create | Villager (Male) |
| 1:34 | Research | Loom |
| 1:57 | Create | Villager (Male) |
| 2:19 | Create | Villager (Male) |
| 2:26 | Build | House |
| 2:52 | Create | Villager (Male) |
| 3:20 | Build | Barracks |
| 3:25 | Create | Villager (Male) |
| 3:39 | Create | Villager (Male) |
| 4:06 | Build | House |
| 4:16 | Create | Militia |
| 4:30 | Create | Militia |
| 5:00 | Create | Villager (Male) |
| 5:10 | Research | Loom |
| 5:19 | Create | Villager (Male) |
| 5:46 | Create | Villager (Male) |
| 6:04 | Build | Lumber Camp |
| 6:21 | Create | Villager (Male) |
| 6:50 | Create | Villager (Male) |
| 7:06 | Create | Villager (Male) |
| 7:09 | Build | House |
| 7:40 | Create | Villager (Male) |
| 8:09 | Create | Villager (Male) |
| 8:15 | Build | Mill |
| 8:27 | Create | Villager (Male) |
| 9:11 | Build | Mining Camp |
| 9:15 | Research | Feudal Age |
| 9:29 | Create | Villager (Male) |
| 9:58 | Build | House |
| 9:59 | Build | House |
| 10:08 | Create | Villager (Male) |
| 10:21 | Build | House |
| 10:22 | Build | House |
| 10:24 | Build | Palisade Wall |
| 10:30 | Build | Palisade Gate |
| 10:43 | Create | Villager (Male) |
| 10:44 | Build | Palisade Wall |
| 11:05 | Create | Villager (Male) |
| 11:25 | Age | Feudal Age |
| 11:26 | Build | Watch Tower |
| 11:28 | Create | Villager (Male) |
| 11:29 | Build | Archery Range |
| 11:49 | Build | Watch Tower |
| 11:56 | Build | Watch Tower |
| 11:57 | Create | Villager (Male) |
| 11:59 | Research | Double-Bit Axe |
| 12:14 | Create | Skirmisher |
| 12:30 | Create | Skirmisher |
| 12:45 | Create | Villager (Male) |
| 12:49 | Build | Stone Wall |
| 12:51 | Build | Stone Wall |
| 12:52 | Build | Stone Wall |
| 12:53 | Build | Stone Wall |
| 12:56 | Create | Villager (Male) |
| 13:03 | Build | Watch Tower |
| 13:09 | Create | Skirmisher |
| 13:11 | Build | House |
| 13:35 | Build | Blacksmith |
| 13:45 | Create | Villager (Male) |
| 14:00 | Create | Skirmisher |
| 14:04 | Create | Villager (Male) |
| 14:26 | Build | Mining Camp |
| 14:30 | Build | Mining Camp |
| 14:40 | Create | Villager (Male) |
| 14:41 | Create | Villager (Male) |
| 15:07 | Create | Villager (Male) |
| 15:11 | Create | Skirmisher |
| 15:34 | Create | Villager (Male) |
| 15:36 | Build | Farm |
| 15:36 | Build | Farm |
| 15:37 | Build | Farm |
| 15:37 | Build | Farm |
| 15:58 | Build | Watch Tower |
| 16:00 | Build | House |
| 16:32 | Create | Villager (Male) |
Build order — GAX | Tyrav
91 actions detected in the replay
| 0:00 | Create | Villager (Male) |
| 0:01 | Create | Villager (Male) |
| 0:01 | Create | Villager (Male) |
| 0:02 | Build | House |
| 0:03 | Build | House |
| 0:18 | Create | Villager (Male) |
| 1:31 | Create | Villager (Male) |
| 2:01 | Create | Villager (Male) |
| 2:28 | Create | Villager (Male) |
| 2:28 | Create | Villager (Male) |
| 2:48 | Build | Mule Cart |
| 3:17 | Create | Villager (Male) |
| 3:26 | Create | Villager (Male) |
| 3:44 | Create | Villager (Male) |
| 3:56 | Create | Villager (Male) |
| 4:03 | Build | House |
| 4:18 | Create | Villager (Male) |
| 4:46 | Create | Villager (Male) |
| 5:34 | Create | Villager (Male) |
| 6:08 | Create | Villager (Male) |
| 6:46 | Research | Loom |
| 6:54 | Build | Barracks |
| 6:55 | Create | Villager (Male) |
| 7:00 | Build | Outpost |
| 7:04 | Build | Palisade Wall |
| 7:05 | Build | Palisade Wall |
| 7:07 | Build | Palisade Wall |
| 7:09 | Build | Palisade Wall |
| 7:11 | Build | Palisade Wall |
| 7:13 | Build | Palisade Wall |
| 7:15 | Build | Palisade Wall |
| 7:47 | Build | Palisade Wall |
| 7:48 | Research | Feudal Age |
| 8:13 | Create | Villager (Male) |
| 8:32 | Build | Mill |
| 8:34 | Build | House |
| 8:50 | Create | Villager (Male) |
| 9:07 | Create | Villager (Male) |
| 9:34 | Build | Palisade Wall |
| 9:36 | Build | Palisade Wall |
| 9:41 | Create | Villager (Male) |
| 9:58 | Age | Feudal Age |
| 10:00 | Build | Archery Range |
| 10:02 | Build | Blacksmith |
| 10:41 | Build | House |
| 10:48 | Research | Fletching |
| 10:50 | Create | Archer |
| 10:50 | Create | Archer |
| 10:50 | Create | Archer |
| 10:51 | Create | Villager (Male) |
| 10:56 | Research | Double-Bit Axe |
| 11:03 | Build | Palisade Wall |
| 11:05 | Build | Palisade Wall |
| 11:11 | Create | Villager (Male) |
| 11:14 | Create | Archer |
| 11:22 | Create | Villager (Male) |
| 11:27 | Create | Archer |
| 11:36 | Build | Farm |
| 11:41 | Build | Watch Tower |
| 11:49 | Create | Archer |
| 12:12 | Create | Villager (Male) |
| 12:25 | Create | Archer |
| 12:28 | Create | Villager (Male) |
| 12:38 | Build | House |
| 13:01 | Create | Villager (Male) |
| 13:32 | Create | Villager (Male) |
| 13:36 | Create | Archer |
| 13:36 | Create | Archer |
| 13:58 | Create | Archer |
| 13:59 | Create | Villager (Male) |
| 14:00 | Create | Villager (Male) |
| 14:00 | Create | Villager (Male) |
| 14:06 | Create | Archer |
| 14:07 | Create | Villager (Male) |
| 14:08 | Create | Villager (Male) |
| 14:22 | Build | House |
| 14:36 | Create | Archer |
| 14:41 | Build | House |
| 14:44 | Build | House |
| 14:53 | Create | Archer |
| 15:09 | Build | Palisade Wall |
| 15:32 | Create | Archer |
| 15:33 | Create | Villager (Male) |
| 15:33 | Create | Villager (Male) |
| 15:42 | Create | Archer |
| 15:43 | Create | Villager (Male) |
| 15:46 | Build | House |
| 16:00 | Create | Archer |
| 16:09 | Create | Skirmisher |
| 16:09 | Create | Skirmisher |
| 16:11 | Create | Villager (Male) |
Match timeline
| 3:20 | GAX | Gian · first_building Barracks |
| 6:54 | GAX | Tyrav · first_building Barracks |
| 7:04 | GAX | Tyrav · wall_segment Palisade Wall x1 |
| 7:05 | GAX | Tyrav · wall_segment Palisade Wall x1 |
| 7:07 | GAX | Tyrav · wall_segment Palisade Wall x1 |
| 7:09 | GAX | Tyrav · wall_segment Palisade Wall x1 |
| 7:11 | GAX | Tyrav · wall_segment Palisade Wall x1 |
| 7:13 | GAX | Tyrav · wall_segment Palisade Wall x1 |
| 7:15 | GAX | Tyrav · wall_segment Palisade Wall x1 |
| 7:47 | GAX | Tyrav · wall_segment Palisade Wall x1 |
| 9:34 | GAX | Tyrav · wall_segment Palisade Wall x1 |
| 9:36 | GAX | Tyrav · wall_segment Palisade Wall x1 |
| 9:58 | GAX | Tyrav · age_up feudal |
| 10:00 | GAX | Tyrav · first_building Archery Range |
| 10:24 | GAX | Gian · wall_segment Palisade Wall x7 |
| 10:44 | GAX | Gian · wall_segment Palisade Wall x1 |
| 11:03 | GAX | Tyrav · wall_segment Palisade Wall x1 |
| 11:05 | GAX | Tyrav · wall_segment Palisade Wall x3 |
| 11:25 | GAX | Gian · age_up feudal |
| 11:29 | GAX | Gian · first_building Archery Range |
| 12:49 | GAX | Gian · wall_segment Stone Wall x10 |
| 12:51 | GAX | Gian · wall_segment Stone Wall x1 |
| 12:52 | GAX | Gian · wall_segment Stone Wall x1 |
| 12:53 | GAX | Gian · wall_segment Stone Wall x6 |
| 15:09 | GAX | Tyrav · wall_segment Palisade Wall x1 |
| 16:41 | GAX | Gian · resign |
[ AI ANALYSIS · 1 CREDIT ]
What really happened in this match?
Wolo.gg analyzes every decision: build order, eco, micro, common mistakes by bracket. Personalized analysis on WhatsApp or Discord in 30 seconds.
Civ guide
Hindustanis
Perfil
Capuccino Assassino